 Dungeon Crawl Stone Soup version 0.29.0-11-gd7f09526c8 (webtiles) character file.

Game seed: 12295705154842128870

404 styxcanada the Covert (level 6, -3/27 (32) HPs)
             Began as a Spriggan Brigand on Sept 5, 2022.
             Killed by divine providence
             ... invoked by an orc priest
              (14 damage)
             ... on level 4 of the Dungeon on Sept 6, 2022.
             The game lasted 00:15:19 (4575 turns).

styxcanada the Covert (Spriggan Brigand)            Turns: 4575, Time: 00:15:21

HP:   -3/27 (32)    AC:  3    Str:  7    XL:     6   Next: 56%
MP:   7/7           EV: 18    Int: 12    God:
Gold: 240           SH:  0    Dex: 19    Spells: 5/5 levels left

rFire   . . .      SeeInvis +   v - +0 dagger (venom)
rCold   . . .      Faith    .   (no shield)
rNeg    . . .      Spirit   .   b - +0 robe
rPois   .          Reflect  .   (helmet restricted)
rElec   .          Harm     .   c - +0 cloak
rCorr   .          Rampage  .   (gloves unavailable)
Will    +....                   (boots unavailable)
Stlth   ++++......              (no amulet)
HPRegen 0.09/turn               (no ring)
MPRegen 0.10/turn               (no ring)

@: heavily drained, very quick
A: very small, no large weapons, unfitting armour, see invisible, speed 3
a: no special abilities


You were on level 4 of the Dungeon.
You visited 1 branch of the dungeon, and saw 4 of its levels.

You collected 240 gold pieces.

Inventory:

Hand Weapons
 a - a +2 dagger
 j - a +0 sling
 v - a +0 dagger of venom (weapon)
Missiles
 d - 3 poisoned darts (quivered)
 e - 3 curare-tipped darts
 g - 41 stones
 l - 4 boomerangs
Armour
 b - a +0 robe (worn)
 c - a +0 cloak (worn)
Wands
 u - a wand of polymorph (12)
Scrolls
 k - 3 scrolls of fear {unknown}
 m - a scroll of torment {unknown}
 p - a scroll of enchant armour {unknown}
 r - 2 scrolls of teleportation {unknown}
 t - a scroll of identify {unknown}
 w - a scroll of poison {unknown}
Potions
 f - a potion of invisibility {unknown}
 h - a potion of curing
 i - a potion of mutation {unknown}
 n - a potion of attraction {unknown}
 o - a potion of flight {unknown}
 q - a potion of haste {unknown}
 s - a potion of brilliance {unknown}


   Skills:
 * Level 2.7 Fighting
 + Level 3.7 Short Blades
 + Level 0.3 Ranged Weapons
 + Level 3.5 Throwing
 * Level 3.5 Dodging
 * Level 8.4 Stealth


You had 5 spell levels left.
You didn't know any spells.
Your spell library contained the following spells:

 Spells                   Type           Power      Damage    Failure   Level
 Gell's Gravitas          Tloc           0%         N/A       69%         3
 Teleport Other           Tloc           0%         N/A       69%         3
 Dispersal                Tloc           0%         N/A       100%        6


Dungeon Overview and Level Annotations

Branches:
Dungeon (4/15)
 Temple: D:4-7

Altars:
Elyvilon
Trog


Innate Abilities, Weirdness & Mutations

You are very small and have problems with some larger weapons.
You are too small for most types of armour.
You have supernaturally acute eyesight. (SInv)
You cover ground extremely quickly. (Speed+++)


Message History

Throw: 6 darts (poison)
Press: ? - help, Q - select action, (/) - cycle Shift-Dir - straight line, f/p - orc
Aim: an orc, wielding a +0 mace and wearing a +0 chain mail (70% to hit)
You throw a poisoned dart. The poisoned dart hits the orc.
The orc is poisoned.
You hit the orc but do no damage.
The orc is severely wounded.
You kill the orc!
Things that are here:
a +0 mace; a +0 chain mail; an orc corpse You hit the orc wizard but do no damage.
The orc wizard closely misses you.
You barely miss the orc wizard. The orc wizard barely misses you.
The orc priest looks braver for a moment.
Throw: 5 darts (poison)
Press: ? - help, Q - select action, (/) - cycle Shift-Dir - straight line, f - orc wizard
Aim: an orc wizard, wielding a +0 dagger and wearing a +0 robe (56% to hit)
You throw a poisoned dart.
The poisoned dart closely misses the orc wizard.
The poisoned dart hits the orc priest.
The orc priest is poisoned.
Throw: 4 darts (poison)
Press: ? - help, Q - select action, (/) - cycle Shift-Dir - straight line, f/p - orc wizard
Aim: an orc wizard, wielding a +0 dagger and wearing a +0 robe (56% to hit)
You throw a poisoned dart.
The poisoned dart closely misses the orc wizard.
The poisoned dart hits the orc priest!
The orc priest looks even sicker.
The orc wizard completely misses you.
You hit the orc wizard but do no damage.
The orc wizard hits you with a +0 dagger.
You hit the orc wizard.
The orc wizard is lightly wounded.
You hit the orc wizard but do no damage.
The orc wizard is lightly wounded.
The orc wizard hits you but does no damage.
Your +0 dagger of venom begins to drip with poison!
v - a +0 dagger of venom (weapon)
The orc wizard hits you with a +0 dagger.
The orc priest mumbles some strange prayers to Beogh against you.
Beogh smites you!
Ouch! That really hurt!
You die...

##### ....# ########### ###.#
#.........# #.# #.#######.## #.#
#########.#.## ###.##
##((.oo@.####.## .....#
#.8#####8.# ##.#
###..#####.##...##.###..#########
#..##..#.#o8.8.#.##.#..........
#..##.##.'o.S.o#....##########.
#......#.#.8.8.#.#.## #.
###.###.##.##o..##.#.# #.
..).....##.8#####8.#.# #.
###########.......##.# #.


You could see an orc priest (very poisoned) and an orc wizard.

Vanquished Creatures
  An ogre (D:4)
  A necrophage (D:4)
  A hound (D:4)
  An orc wizard (D:4)
  Natasha (thrice) (D:3)
  5 adders
  2 worms
  2 dart slugs
  7 orcs
  2 ball pythons
  5 endoplasms
  3 giant cockroaches
  10 goblins
  5 hobgoblins
  3 quokkas (D:1)
  A bat (D:3)
  3 frilled lizards (D:2)
  8 kobolds
  8 rats
71 creatures vanquished.

Notes
Turn   | Place    | Note
-------+----------+-------------------------------------------
     0 | D:1      | styxcanada the Spriggan Brigand began the quest for the
                  | Orb.
     0 | D:1      | Reached XP level 1. HP: 10/10 MP: 2/2
    82 | D:1      | Reached skill level 6 in Stealth
   186 | D:1      | Found a faded altar of an unknown god.
   411 | D:1      | Reached XP level 2. HP: 15/15 MP: 3/3
  1460 | D:2      | Reached XP level 3. HP: 18/18 MP: 4/4
  1661 | D:2      | Reached skill level 7 in Stealth
  2141 | D:3      | Noticed Natasha
  2148 | D:3      | Killed Natasha
  2149 | D:3      | Reached XP level 4. HP: 23/23 MP: 5/5
  2336 | D:3      | Found a bloodstained altar of Trog.
  2379 | D:3      | Noticed Natasha
  2488 | D:3      | Killed Natasha
  2825 | D:3      | Noticed Natasha
  2865 | D:3      | Killed Natasha
  2866 | D:3      | Reached XP level 5. HP: 24/27 MP: 6/6
  3265 | D:3      | Found a white marble altar of Elyvilon.
  3780 | D:4      | Noticed an ogre
  3784 | D:4      | Killed an ogre
  3785 | D:4      | Reached skill level 8 in Stealth
  3785 | D:4      | Reached XP level 6. HP: 32/32 MP: 7/7
  4575 | D:4      | Killed from afar by an orc priest

Illustrated notes

Levels and vault maps discovered:
D:1:      heliophobic_arrival_henge, layout_loops_corners,
          ebering_ecumenical_altar_rust
D:2:      layout_basic, minmay_pentomino_s4
D:3:      layout_loops_ring, overflow_temple_1_default, trog_book, uniq_natasha
D:4:      minmay_chambers_of_twos, layout_loops_ring, grunt_ministairs_11

Skill      XL: |  1  2  3  4  5 |
---------------+----------------+-----
Stealth        | 6 7 8 |  8.4
Fighting       | 2 |  2.7
Dodging        | 2 3 |  3.5
Short Blades   | 3 |  3.7
Throwing       | 3 |  3.5
Ranged Weapons | |  0.3

Action                   |  1- 3 |  4- 6 || total
-------------------------+-------+-------++-------
Melee: Dagger            |    91 |   105 ||   196
       Punch             |     1 |     2 ||     3
 Fire: Sling             |       |    11 ||    11
Throw: Dart              |    18 |    45 ||    63
  Use: Potion            |       |     1 ||     1
 Stab: Distracted        |     1 |       ||     1
       Sleeping          |     4 |     7 ||    11
Armor: Robe              |     5 |    11 ||    16
Dodge: Dodged            |    54 |    67 ||   121
